 Dungeon Crawl Stone Soup version 0.27-a0-931-g5a74e75d8f (webtiles) character file.

Game seed: 17625912606227491718

22 Alarkh the Insei (level 2, -2/23 HPs)
             Began as a Demonspawn Gladiator on Apr 10, 2021.
             Slain by a kobold
             ... wielding a +2 short sword of speed
              (5 damage)
             ... on level 1 of the Dungeon.
             The game lasted 00:01:32 (508 turns).

Alarkh the Insei (Demonspawn Gladiator)              Turns: 508, Time: 00:01:32

Health: -2/23      AC:  4    Str: 14    XL:     2   Next: 68%
Magic:  2/2        EV: 12    Int:  9    God:
Gold:   0          SH:  0    Dex: 14    Spells: 1/1 levels left

rFire    . . .     SeeInvis .     - Unarmed
rCold    . . .     Faith    .   (no shield)
rNeg     . . .     Spirit   .   a - +0 leather armour
rPois    .         Reflect  .   b - +0 helmet
rElec    .         Harm     .   (no cloak)
rCorr    .         Rampage  .   (no gloves)
Will     .....                  (no boots)
Stlth    +.........             (no amulet)
HPRegen  0.07/turn              (no ring)
MPRegen  0.08/turn              (no ring)

@: no status effects
A: powered by death 1
a: no special abilities


You were on level 1 of the Dungeon.
You visited 1 branch of the dungeon, and saw 1 of its levels.

Inventory:

Armour
 a - a +0 leather armour (worn)
 b - a +0 helmet (worn)


   Skills:
 + Level 2.4 Fighting
 - Level 1.7 Throwing
 - Level 2.6 Dodging
 * Level 3.3 Unarmed Combat


You had one spell level left.
You didn't know any spells.
Your spell library was empty.

Dungeon Overview and Level Annotations

Branches:
Dungeon (1/15)

Altars:


Innate Abilities, Weirdness & Mutations

You regenerate a little health from kills.


Message History

You are too injured to fight recklessly!
You are too injured to fight recklessly!
You are too injured to fight recklessly!
You are too injured to fight recklessly!
You are too injured to fight recklessly!
You are too injured to fight recklessly!
You are too injured to fight recklessly!
You are too injured to fight recklessly!
The kobold hits you with a +2 short sword of speed.
* * * LOW HITPOINT WARNING * * *
You see here a hobgoblin corpse.
You aren't carrying any potions.
Throw: 3 throwing nets
Press: ? - help, Q - select action Shift-Dir - straight line, f - kobold
Aim: a kobold, wielding a +2 short sword of speed (moderately wounded, 51% to hit)
You throw a throwing net.
The throwing net barely misses the kobold.
The throwing net misses the goblin.
The kobold hits you but does no damage.
Throw: 2 throwing nets
Press: ? - help, Q - select action Shift-Dir - straight line, f/p - kobold
Aim: a kobold, wielding a +2 short sword of speed (moderately wounded, 51% to hit)
You throw a throwing net.
The throwing net barely misses the kobold.
The throwing net hits the goblin.
The goblin is caught in the net!
The kobold barely misses you.
The goblin struggles against the net.
The kobold hits you with a +2 short sword of speed.
* * * LOW HITPOINT WARNING * * *
Throw: throwing net
Press: ? - help, Q - select action Shift-Dir - straight line, f/p - kobold
Aim: a kobold, wielding a +2 short sword of speed (moderately wounded, 51% to hit)
You throw a throwing net.
The throwing net closely misses the kobold.
The throwing net hits the goblin.
The goblin struggles against the net.
The kobold misses you.
The goblin struggles against the net.
The goblin struggles against the net.
The kobold misses you.
The kobold hits you with a +2 short sword of speed.
You die...

..............##≈≈≈≈≈≈....#
........#####.##.≈..≈≈≈≈#..
######### ##.≈#.#####≈≈≈##
##..≈#.# ###≈### ##...≈#.#
#...... #....≈#.# #.#####
#...≈≈#.# #)# #....≈..# #.#
#@##.≈>#####.## #############
#K##..#.>.....####
.......#..#.#
#.##.#.##.##......
..####.#..#.#
#.##.#.#.....#####
..#..#.#..#.## #g##.....≈.≈≈.#
..#..'.#.....###........≈.≈..#
..####....#......###..≈≈.≈..##
..#....####.####.g....(.....#
#...##......# #.###...##.#.#


You could see 2 goblins and a kobold.

Vanquished Creatures
  A dart slug (D:1)
  A bat (D:1)
  2 endoplasms (D:1)
  A giant cockroach (D:1)
  2 goblins (D:1)
  2 hobgoblins (D:1)
  3 kobolds (D:1)
  2 quokkas (D:1)
  2 ball pythons (D:1)
  2 rats (D:1)
18 creatures vanquished.

Notes
Turn   | Place    | Note
-------+----------+-------------------------------------------
     0 | D:1      | Alarkh the Demonspawn Gladiator began the quest for the
                  | Orb.
     0 | D:1      | Reached XP level 1. HP: 16/16 MP: 1/1
    53 | D:1      | Reached skill level 3 in Unarmed Combat
    66 | D:1      | Gained mutation: You regenerate a little health from kills.
                  | [demonic ancestry]
    66 | D:1      | Reached XP level 2. HP: 22/22 MP: 2/2
   508 | D:1      | Slain by a kobold

Illustrated notes

Levels and vault maps discovered:
D:1:      dpeg_arrival_erosion, layout_loops_ring, serial_rivers,
          chequers_serial_rivers_micro_e, chequers_serial_rivers_large_a,
          chequers_serial_rivers_micro_c, chequers_serial_rivers_large_b,
          chequers_serial_rivers_small_a, chequers_serial_rivers_micro_d,
          minmay_misc_feat_five, corexii_leaking_fountain

Skill      XL: |  1 |
---------------+----+-----
Unarmed Combat | 3 |  3.3
Fighting       | |  2.4
Throwing       | |  1.7
Dodging        | |  2.6

Action                   || total
-------------------------++-------
Melee: Unarmed           ||    74
       Punch             ||     1
Throw: Throwing net      ||     3
  Use: Potion            ||     1
Armor: Leather armour    ||    18
Dodge: Dodged            ||    48

Table legend: (Time is in decaauts)
 A = Elapsed time spent in this place.
 B = Non-inter-level travel time spent in this place.
 C = Inter-level travel time spent in this place.
 D = Time resting spent in this place.
 E = Time spent auto-exploring this place.
 F = Levels seen in this place.
 G = Mean time per level.
                   A        B        C        D        E       F      G
               +--------+--------+--------+--------+--------+-----+--------+
         Total |    524 |    524 |      0 |    169 |    201 |   1 |  524.0 |
       Dungeon |    524 |    524 |      0 |    169 |    201 |   1 |  524.0 |
               +--------+--------+--------+--------+--------+-----+--------+

Top non-repeatable levels by time:
     D:1: 524 daAuts
